 Dungeon Crawl Stone Soup version 0.19.4 (webtiles) character file.

114 empire the Skirmisher (level 4, -2/37 HPs)
             Began as a Demonspawn Monk on Feb 3, 2017.
             Killed from afar by an orc wizard (5 damage)
             ... with a magic dart
             ... on level 4 of the Dungeon.
             The game lasted 00:03:42 (2900 turns).

empire the Skirmisher (Demonspawn Monk)             Turns: 2900, Time: 00:03:42

Health: -2/37      AC:  2    Str:  8 (11) XL:     4   Next: 67%
Magic:  0/4        EV: 19    Int: 14 (16) God:
Gold:   95         SH:  0    Dex: 19 (22) Spells: 0 memorised, 3 levels left

rFire  . . .     SeeInvis .     a - +0 short sword
rCold  . . .     Gourm    .     b - +0 robe
rNeg   . . .     Faith    .     (no shield)
rPois  .         Spirit   +     (no helmet)
rElec  .         Reflect  .     (no cloak)
rCorr  .         Harm     .     (no gloves)
MR     .....                    (no boots)
Stlth  ++++......               (no amulet)
                                (no ring)
                                (no ring)

@: brilliant, agile
A: powered by pain 1, magic shield
a: no special abilities


You were on level 4 of the Dungeon.
You were not hungry.

You visited 1 branch of the dungeon, and saw 4 of its levels.

You collected 95 gold pieces.

Inventory:

Hand Weapons
 a - a +0 short sword (weapon)
 m - a +2 vampiric dagger
Armour
 b - a +0 robe (worn)
Scrolls
 e - 5 scrolls of identify {unknown}
 g - a scroll of enchant weapon {unknown}
 j - 3 scrolls of remove curse {unknown}
 k - 4 scrolls of recharging {unknown}
 p - a scroll of amnesia {unknown}
Potions
 d - a potion of brilliance
Comestibles
 c - 3 bread rations
 f - 3 meat rations
 i - 2 slices of pizza
 n - a beef jerky


   Skills:
 + Level 3.7 Fighting
 + Level 3.2 Short Blades
 + Level 3.5 Dodging
 + Level 2.9 Stealth


You had 3 spell levels left.
You didn't know any spells.

Dungeon Overview and Level Annotations

Branches:
Dungeon (4/15)
 Temple: D:4-7

Altars:
Makhleb
Ru


Innate Abilities, Weirdness & Mutations

You sometimes gain a little power by taking damage.
When hurt, damage is shared between your health and your magic reserves.


Message History

* * * LOW HITPOINT WARNING * * *
The orc wizard misses you.
It was a potion of degeneration.
There was something very wrong with that liquid.
You feel weakened.
You feel dopey.
You feel clumsy. The orc wizard completely misses you.
The orc closely misses you.
You closely miss the orc wizard. The orc wizard barely misses you.
The orc misses you.
The orc wizard hits you with an enchanted dagger.
* * * LOW HITPOINT WARNING * * *
You closely miss the orc wizard. The orc wizard barely misses you.
The orc hits you from afar with a trident.
* * * LOW HITPOINT WARNING * * *
Okay, then.
The orc wizard completely misses you.
The orc wizard hits you with an enchanted dagger.
* * * LOW HITPOINT WARNING * * *
The orc wizard gestures at you while chanting.
The magic dart hits you!
You die...

#.#....#....##.
...........#
#.#...w#......
#.########.##
......#....#
#.#.........# .
#....#.... #.#.######..#
.. #....#..##### #.#.#
#..# ... #..).#.......
#.#.# #..# ....#.......#
#.#.# #..#
........>#.##########.#.#
#..#
....#..###.w.oo.@.....#.#
#..#
...##..<.#.#####........#
#..# ### #..#.#.#
#.######## #..# #..#.#.#
##.###.#########..#
#..#.#.#
#..............#..#
#..#.#.#
#..###.#######.#..#
#..#.#.# #.)# #....#
#.#..# #..#.#.# #..#
#.##.####.#..# #..#.#.#
#..###.#..........#


You could see a worm, an orc wizard and an orc.

Vanquished Creatures
  5 adders
  4 worms
  4 leopard geckos
  2 orcs (D:4)
  A ball python (D:2)
  8 goblins
  4 hobgoblins
  5 jackals
  A quokka (D:2)
  6 bats
  3 frilled lizards
  5 kobolds
  5 rats
53 creatures vanquished.

Notes
Turn   | Place    | Note
-------+----------+-------------------------------------------
     0 | D:1      | empire the Demonspawn Monk began the quest for the Orb.
     0 | D:1      | Reached XP level 1. HP: 18/18 MP: 1/1
   339 | D:1      | Gained mutation: When hurt, damage is shared between your health and your magic reserves. [demonic ancestry]
   339 | D:1      | Reached XP level 2. HP: 21/24 MP: 2/2
   645 | D:2      | Reached XP level 3. HP: 18/29 MP: 1/3
  1512 | D:2      | Gained mutation: You sometimes gain a little power by taking damage. [demonic ancestry]
  1512 | D:2      | Reached XP level 4. HP: 35/35 MP: 4/4
  2427 | D:3      | Found a burning altar of Makhleb.
  2428 | D:3      | Found a sacrificial altar of Ru.
  2900 | D:4      | Killed from afar by an orc wizard

Skill      XL: |  1  2 |
---------------+-------+-----
Dodging        | 3 |  3.5
Stealth        | 2 |  2.9
Short Blades   | 3 |  3.2
Fighting       | |  3.7

Action                   |  1- 3 |  4- 6 || total
-------------------------+-------+-------++-------
Melee: Short sword       |   112 |    74 ||   186
  Use: Potion            |       |     5 ||     5
 Stab: Sleeping          |    11 |     9 ||    20
  Eat: Chunk             |     1 |     5 ||     6
Armor: Robe              |    16 |     5 ||    21
Dodge: Dodged            |    75 |    41 ||   116
